AoeStats
← 啊超

Arena

506443615Analyzed
3v3 RM · 18d ago on Sep 13, 2026· 42m 59s· 6 players
Game mode
Random Map
Map size
Normal (6 player)
Population
200
Speed
Normal
Resources
Standard
Victory
Conquest
Starting age
Dark Age
Ending age
Imperial Age
RankedLock teamsTeams togetherTeam positionsShared explorationLock speedFull tech treeHidden civsTurbo modeCheats
Victory
Defeat
🇨🇳 Franks · China
1064
+14
🇩🇪 Mongols · Germany
1026
+16
🇨🇳 Spanish · China
1026
+16
🇫🇷 Cumans · France
1078
-18
🇫🇷 Bulgarians · France
1071
-17
🇫🇷 Franks · France
926
-33
Scheibenenteise
10:41 Feudal Age
16:46 Loom
23:43 Wheelbarrow
24:47 Double-Bit Axe
39:28 Castle Age
38:17 Horse Collar
41:36 Gold Mining
啊超
10:41 Feudal Age
15:47 Castle Age
14:43 Double-Bit Axe
15:40 Loom
32:33 Imperial Age
30:20 Husbandry
30:38 Forging
31:07 Scale Barding Armor
32:28 Iron Casting
32:30 Gold Mining
33:22 Cavalier
36:30 Blast Furnace
35:53 Bow Saw
36:29 Wheelbarrow
37:35 Hand Cart
37:43 Chain Barding Armor
36:52 Paladin
39:32 Chemistry
38:54 Ballistics
39:24 Elite Throwing Axeman
41:29 Chivalry
Cat
6:43 Loom
9:48 Feudal Age
10:08 Horse Collar
10:15 Double-Bit Axe
13:35 Stone Mining
17:34 Castle Age
18:46 Bow Saw
18:37 Heavy Plow
23:58 Bloodlines
25:00 Gold Mining
27:13 Husbandry
28:22 Stone Shaft Mining
28:45 Town Watch
29:42 Wheelbarrow
30:44 Padded Archer Armor
30:36 Fletching
34:49 Imperial Age
33:40 Leather Archer Armor
34:19 Fortified Wall
34:05 Murder Holes
36:37 Chemistry
37:06 Two-Man Saw
37:08 Elite Conquistador
38:36 Ring Archer Armor
40:35 Bodkin Arrow
43:26 Hand Cart
charles.fleury03
2:34 Loom
9:34 Feudal Age
10:03 Double-Bit Axe
10:53 Gold Mining
12:30 Arson
12:59 Horse Collar
14:36 Scale Mail Armor
15:23 Forging
24:46 Castle Age
26:10 Chain Mail Armor
25:56 Stone Mining
26:20 Bow Saw
26:12 Heavy Plow
26:30 Squires
28:41 Wheelbarrow
29:24 Iron Casting
38:35 Imperial Age
37:23 Town Watch
37:53 Fletching
38:03 Gambesons
38:54 Scale Barding Armor
40:02 Ballistics
Tcharly8
11:25 Feudal Age
9:40 Loom
17:35 Castle Age
20:00 Capped Ram
21:50 Wheelbarrow
21:35 Squires
20:55 Pikeman
21:49 Horse Collar
26:44 Hand Cart
31:17 Heavy Plow
31:31 Forging
31:22 Scale Mail Armor
35:34 Imperial Age
33:26 Padded Archer Armor
33:16 Fletching
34:20 Leather Archer Armor
34:02 Bodkin Arrow
34:08 Gold Mining
34:25 Double-Bit Axe
35:58 Ballistics
36:54 Elite Kipchak
39:41 Bow Saw
39:09 Halberdier
40:34 Gold Shaft Mining
40:59 Iron Casting
40:39 Chain Mail Armor
42:14 Chemistry
Altefkat
12:11 Feudal Age
12:51 Double-Bit Axe
16:07 Gold Mining
17:25 Loom
17:56 Man-at-Arms
19:27 Stone Mining
21:51 Wheelbarrow
26:01 Castle Age
24:51 Forging
27:22 Hand Cart
27:30 Husbandry
30:50 Bow Saw
31:51 Town Watch
32:37 Scale Mail Armor
36:06 Imperial Age
34:37 Gold Shaft Mining
33:38 Pikeman
34:18 Squires
34:04 Arson
Connection lost

Rejoining the realm…

Still unreachable

The connection could not be restored.

Session expired

The server has moved on; the page needs a fresh start.